 Seeded DCSS version 0.30.1-4-g462c640d31 (webtiles) character file.

Game seed: 6351066067085065685 (custom seed)

98 Esekla the Grave Robber (level 4, -3/24 HPs)
             Began as a Deep Elf Necromancer on Aug 19, 2023.
             Was an Initiate of Vehumet.
             Slain by a black bear (6 damage)
             ... on level 2 of the Dungeon.
             The game lasted 00:08:56 (1574 turns).

Esekla the Grave Robber (Deep Elf Necromancer)      Turns: 1574, Time: 00:08:57

Health: -3/24      AC:  4    Str:  5    XL:     4   Next: 44%
Magic:  8/11       EV: 13    Int: 22    God:    Vehumet [......]
Gold:   118        SH:  0    Dex: 18    Spells: 6/10 levels left

rFire   . . .        s - +5 rapier of the Hero {heavy, rN+ Dex+3}
rCold   . . .        (no shield)
rNeg    + . .        n - +0 robe
rPois   .            h - +0 helmet
rElec   .            (no cloak)
rCorr   .            i - +0 pair of gloves
SInv    .            (no boots)
Will    .....        (no amulet)
Stlth   +++          (no ring)
HPRegen 0.24/turn    (no ring)
MPRegen 0.12/turn

%: no passive effects
@: no status effects
A: no striking features
a: Renounce Religion


You were on level 2 of the Dungeon.
You worshipped Vehumet.
Vehumet was noncommittal.
You visited 1 branch of the dungeon, and saw 4 of its levels.

You collected 118 gold pieces.

Inventory:

Hand Weapons
 a - a +3 dagger of speed
 r - a +0 trident
 s - the +5 rapier of the Hero (weapon) {heavy, rN+ Dex+3}
   (You found it on level 3 of the Dungeon)

   Dex:       It affects your dexterity (+3).
   rN:        It protects you from negative energy.
Missiles
 v - 8 poisoned darts (quivered)
Armour
 h - a +0 helmet (worn)
 i - a +0 pair of gloves (worn)
 n - a +0 robe (worn)
Wands
 c - a wand of roots (9)
Scrolls
 e - a scroll of fear {unknown}
 k - a scroll of enchant armour {unknown}
 l - a scroll of amnesia {unknown}
 m - a scroll of immolation {unknown}
 o - a scroll of blinking {unknown}
 q - a scroll of fog {unknown}
 t - a scroll of identify {unknown}
Potions
 b - a potion of magic
 d - a potion of ambrosia {unknown}
 f - 2 potions of curing {unknown}
 g - a potion of mutation {unknown}
 j - 2 potions of attraction {unknown}
 p - 2 potions of brilliance {unknown}
 u - a potion of heal wounds {unknown}


   Skills:
 + Level 1.4 Short Blades
 * Level 3.4 Dodging
 + Level 3.4 Stealth
 * Level 3.5 Spellcasting
 * Level 5.6 Necromancy


You had 6 spell levels left.
You knew the following spells:

 Your Spells              Type           Power      Damage    Failure   Level
a - Necrotise             Necr           100%       1d9       1%          1
d - Vampiric Draining     Necr           28%        2d8       3%          3

Your spell library contained the following spells:

 Spells                   Type           Power      Damage    Failure   Level
 Animate Dead             Necr           28%        N/A       12%         4
 Lesser Beckoning         Tloc           6%         N/A       19%         2
 Agony                    Necr           28%        N/A       32%         5
 Gell's Gravitas          Tloc           3%         N/A       34%         3
 Teleport Other           Tloc           3%         N/A       34%         3


Dungeon Overview and Level Annotations

Branches:
Dungeon (4/15)
 Temple: D:4-7

Altars:
Vehumet
Zin

Shops:
D:2 =


Message History

You puncture the rat!
You kill the rat!
Vehumet accepts your kill.
The black bear growls angrily.
Throw: 9 darts (poison)
Press: ? - help, Q - select action, (/) - cycle Shift-Dir - straight line You can't see that place. [the floor.]
You can't see that place.
Okay, then.
Throw: 9 darts (poison)
Press: ? - help, Q - select action, (/) - cycle Shift-Dir - straight line, f - black bear
Aim: a black bear (68% to hit)
You throw a poisoned dart. The poisoned dart hits the black bear.
You puncture the black bear!
The black bear is heavily wounded.
The black bear bites you.
The black bear claws you but does no damage.
The black bear closely misses you.
Casting: Vampiric Draining (quite dangerous; 3% risk of failure)
Confirm with . or Enter, or press ? or * to list all spells.
The spell is quite dangerous to miscast (3% risk of failure)!
Continue anyway?
Okay, then.
Casting: Vampiric Draining (quite dangerous; 3% risk of failure)
Confirm with . or Enter, or press ? or * to list all spells.
The spell is quite dangerous to miscast (3% risk of failure)!
Continue anyway?
Aiming: Vampiric Draining (quite dangerous; 3% risk of failure)
Press: ? - help, Shift-Dir - straight line, f/p - black bear
Aim: a black bear (heavily wounded)
You draw life force from the black bear.
You feel life coursing into your body.
The black bear goes berserk!
You closely miss the black bear.
The black bear is severely wounded.
The black bear bites you. The black bear claws you. x2
The black bear bites you but does no damage.
The black bear claws you but does no damage.
The black bear misses you. The black bear bites you!
* * * LOW HITPOINT WARNING * * *
The black bear claws you.
You die...

..............
###.#...####..#
#.##........#
#.##..#####.# #.#
..#####.### ###.#
<.........# ....# ..$
...).# #
###.##.######.#.####.$..
.....#..........@h...#
####.########.#.######
8.8#....# #.#.#
.).###8.#####.#.#
._...'........#.#
...###8.#.#####.#
8.8#......# #.#
####.....## #.#
......#### #.#


You could see a black bear (berserk).

Vanquished Creatures
  An iguana (D:2)
  2 gnolls (D:2)
  An adder (D:2)
  A dart slug (D:1)
  An orc (D:4)
  6 ball pythons
  4 endoplasms
  8 goblins
  3 hobgoblins
  A quokka (D:1)
  4 bats
  4 frilled lizards
  4 kobolds
  A rat (D:2)
41 creatures vanquished.

Notes
Turn   | Place    | Note
-------+----------+-------------------------------------------
     0 | D:1      | Esekla the Deep Elf Necromancer began the quest for the
                  | Orb.
     0 | D:1      | Reached XP level 1. HP: 10/10 MP: 6/6
   134 | D:1      | Reached skill level 5 in Necromancy
   205 | D:2      | You fall into a shaft and drop 2 floors!
   308 | D:4      | Found a glowing silver altar of Zin.
   327 | D:4      | Found a radiant altar of Vehumet.
   331 | D:4      | Became a worshipper of Vehumet
   390 | D:4      | Reached XP level 2. HP: 10/15 MP: 8/8
   846 | D:3      | Identified the +5 rapier of the Hero {heavy, rN+ Dex+3}
   866 | D:2      | Found Renulab's Jewellery Shop.
   917 | D:2      | Reached XP level 3. HP: 16/19 MP: 9/9
   921 | D:2      | Learned a level 3 spell: Vampiric Draining
  1393 | D:2      | Reached skill level 1 in Short Blades
  1396 | D:2      | Reached XP level 4. HP: 13/24 MP: 0/11
  1523 | D:2      | Found a faded altar of an unknown god.
  1566 | D:2      | Noticed a black bear
  1574 | D:2      | Slain by a black bear

Illustrated notes

Levels and vault maps discovered:
D:1:      sevenhm_arrival_forest_fort_small_3, layout_rooms,
          chequers_serial_rivers_room_b, minmay_misc_feat_five
D:2:      layout_loops_ring, dreamdust_ecumenical_altar_angels_and_demons,
          serial_shops, shop
D:3:      layout_basic, grunt_temple_overflow_open, minmay_misc_feat_iff
D:4:      layout_basic, nicolae_overflow_quartered_altars, serial_shops,
          nicolae_diamond_shop

Skill      XL: |  1  2  3 |
---------------+----------+-----
Necromancy     | 5 |  5.6
Dodging        | 3 |  3.4
Stealth        | 3 |  3.4
Short Blades   | 1 |  1.4
Spellcasting   | |  3.5

Action                     |  1- 3 |  4- 6 || total
---------------------------+-------+-------++-------
  Melee: Short sword       |    47 |       ||    47
         Unarmed           |     9 |       ||     9
         Rapier            |    37 |     5 ||    42
  Throw: Dart              |       |     1 ||     1
   Cast: Vampiric Draining |     4 |     1 ||     5
   Stab: Sleeping          |     7 |     3 ||    10
 Armour: Robe              |    20 |     3 ||    23
  Dodge: Dodged            |    59 |     2 ||    61
